 Dungeon Crawl Stone Soup version 0.21.1-1-g345015f (webtiles) character file.

128 aMcNicky the Changer (level 5, -2/38 HPs)
             Began as a Merfolk Transmuter on Mar 13, 2018.
             Slain by a worker ant (6 damage)
             ... on level 4 of the Dungeon.
             The game lasted 00:14:49 (3104 turns).

aMcNicky the Changer (Merfolk Transmuter)           Turns: 3104, Time: 00:14:49

Health: -2/38      AC:  4    Str: 10    XL:     5   Next: 12%
Magic:  2/8        EV: 22    Int: 13    God:
Gold:   145        SH:  0    Dex: 20    Spells: 3/9 levels left

rFire    . . .     SeeInvis .     - Unarmed
rCold    . . .     Gourm    .   (shield currently unavailable)
rNeg     . . .     Faith    .   (armour currently unavailable)
rPois    x         Spirit   .   (helmet currently unavailable)
rElec    .         Reflect  .   (cloak currently unavailable)
rCorr    .         Harm     .   (gloves currently unavailable)
MR       .....                  (boots currently unavailable)
Stlth    ++........             p - amulet of magic regeneration
HPRegen  0.12/turn              r - +2 ring of protection
MPRegen  0.36/turn              (no ring)

@: lethally poisoned (-2 -> -3), spider-form
A: tiny, (change form in water), (swift swim), (stealthy swim)
a: End Transformation


You were on level 4 of the Dungeon.
You were not hungry.
You were a venomous arachnid creature.
You visited 1 branch of the dungeon, and saw 4 of its levels.

You collected 145 gold pieces.

Inventory:

Missiles
 a - 65 arrows (quivered)
Armour
 b - a +0 robe (melded)
Jewellery
 p - an amulet of magic regeneration (around neck)
 r - a +2 ring of protection (left front leg)
 t - an uncursed ring of ice {unknown}
Scrolls
 e - 2 scrolls of fear {unknown}
 g - a scroll of enchant weapon {unknown}
 i - 3 scrolls of identify {@r1}
 k - 2 scrolls of blinking {unknown}
 l - a scroll of remove curse {unknown}
 n - a scroll of random uselessness {unknown}
 o - 3 scrolls of teleportation {unknown}
 s - a scroll of amnesia {unknown}
 u - a scroll of noise {unknown}
Potions
 f - 4 potions of curing {unknown}
 h - 2 potions of cancellation {unknown}
 j - 4 potions of heal wounds {unknown}
 q - a potion of degeneration {unknown}
Books
 c - a book of Changes

   Spells                             Type                      Level
   a - Beastly Appendage              Transmutation                1
   b - Sticks to Snakes               Transmutation                2
   c - Spider Form                    Transmutation/Poison         3
   d - Ice Form                       Ice/Transmutation            4
   e - Blade Hands                    Transmutation                5
Comestibles
 d - 6 rations


   Skills:
 + Level 2.1 Fighting
 + Level 3.5 Dodging
 + Level 3.8 Unarmed Combat
 + Level 2.5 Spellcasting
 * Level 4.2 Transmutations
 * Level 1.7 Poison Magic


You had 3 spell levels left.
You knew the following spells:

 Your Spells              Type           Power        Failure   Level  Hunger
a - Beastly Appendage     Tmut           ##....       13%         1    #......
b - Sticks to Snakes      Tmut           ##......     17%         2    ###....
c - Spider Form           Tmut/Pois      #.........   43%         3    ###....


Dungeon Overview and Level Annotations

Branches:
Dungeon (4/15)
 Temple: D:4-7

Altars:

Annotations:
D:4 Dowan, Duvessa


Message History

Duvessa misses you.
Your ball python bites the worker ant but does no damage.
Your ball python constricts Duvessa.
Dowan closely misses your ball python.
Your adder closely misses the worker ant.
The quokka barely misses you.
The worker ant barely misses your ball python.
All of the chunks of flesh in your inventory have rotted away.
You feel sick.
Your adder closely misses the worker ant.
Your ball python bites the worker ant.
Your ball python constricts Duvessa.
Duvessa struggles to escape constriction.
Dowan hits your ball python with a dagger.
Your ball python dies!
The quokka bites your adder.
Your adder bites Duvessa.
Your adder barely misses the worker ant.
Your adder bites Duvessa but does no damage.
The quokka closely misses your adder.
Your adder bites Duvessa but does no damage.
The worker ant bites you.
You die...

######## ##......##
##........## #..>.......#
####### #..........#
#...... #..........#
#...... #.....Ses..#
#......
##.....ea...########......
......r..S................)
..............#####<....<..
....................#......
##...$..........##..##....#
.............##............
.##........................
.............#.##.........


You could see Duvessa, Dowan, a worker ant, a quokka and 2 friendly adders.

Vanquished Creatures
  A hound skeleton (D:3)
  3 adders
  An adder skeleton (D:3)
  An adder zombie (D:3)
  A worm (D:2)
  4 leopard geckos
  2 orcs (D:3)
  2 ball pythons (D:1)
  11 bats
  6 giant cockroaches
  8 goblins
  8 hobgoblins
  A quokka (D:2)
  4 frilled lizards
  7 kobolds
  A leopard gecko skeleton (D:3)
  5 rats
66 creatures vanquished.

Vanquished Creatures (collateral kills)
  A dart slug (D:1)
  An orc (D:3)
  3 giant cockroaches
  2 goblins
  A hobgoblin (D:1)
  2 bats (D:2)
  2 frilled lizards
12 creatures vanquished.

Vanquished Creatures (others)
  A bat (D:2)
1 creature vanquished.

Grand Total: 79 creatures vanquished

Notes
Turn   | Place    | Note
-------+----------+-------------------------------------------
     0 | D:1      | aMcNicky the Merfolk Transmuter began the quest for the Orb.
     0 | D:1      | Reached XP level 1. HP: 15/15 MP: 3/3
   230 | D:1      | Reached XP level 2. HP: 21/21 MP: 3/5
   425 | D:1      | Learned a level 2 spell: Sticks to Snakes
   470 | D:1      | Reached skill level 3 in Transmutations
   719 | D:1      | Reached XP level 3. HP: 21/27 MP: 1/6
   824 | D:1      | Learned a level 3 spell: Spider Form
  1620 | D:2      | Reached XP level 4. HP: 15/33 MP: 2/7
  1820 | D:2      | Reached skill level 1 in Poison Magic
  2564 | D:3      | Reached skill level 4 in Transmutations
  2933 | D:3      | Reached XP level 5. HP: 36/38 MP: 8/8
  3089 | D:4      | Noticed Duvessa
  3093 | D:4      | Noticed Dowan
  3104 | D:4      | Slain by a worker ant

Skill      XL: |  1  2  3  4 |
---------------+-------------+-----
Dodging        | 3 |  3.5
Transmutations | 3 4 |  4.2
Fighting       | 2 |  2.1
Poison Magic   | 1 |  1.7
Unarmed Combat | |  3.8
Spellcasting   | |  2.5

Action                   |  1- 3 |  4- 6 || total
-------------------------+-------+-------++-------
Melee: Unarmed           |   140 |   109 ||   249
       Headbutt          |    15 |     2 ||    17
       Punch             |       |     1 ||     1
 Cast: Beastly Appendage |    18 |     5 ||    23
       Sticks to Snakes  |     9 |     9 ||    18
       Spider Form       |       |     2 ||     2
  Use: Scroll            |       |     2 ||     2
 Stab: Sleeping          |     3 |       ||     3
  Eat: Chunk             |     1 |     3 ||     4
       Ration            |     1 |     1 ||     2
Armor: Robe              |    29 |    16 ||    45
       Skin              |       |     2 ||     2
Dodge: Dodged            |   112 |    88 ||   200
